 Dungeon Crawl Stone Soup version 0.26.1-11-gd32895ea62 (webtiles) character file.

Game seed: 4131517833997499648

2145 kobra10112 the Cleaver (level 9, -4/74 HPs)
             Began as a Minotaur Gladiator on Apr 26, 2021.
             Killed from afar by a gargoyle (12 damage)
             ... with a stone arrow
             ... on level 11 of the Dungeon.
             The game lasted 00:10:26 (887 turns).

kobra10112 the Cleaver (Minotaur Gladiator)          Turns: 887, Time: 00:10:29

Health: -4/74      AC: 13    Str: 21    XL:     9   Next: 9%
Magic:  8/8        EV:  9    Int:  7    God:
Gold:   87         SH:  0    Dex: 13    Spells: 8/8 levels left

rFire    . . .     SeeInvis .   h - +0 war axe (elec)
rCold    + . .     Faith    .   (no shield)
rNeg     . . .     Spirit   .   f - +0 plate armour
rPois    .         Reflect  .   j - +2 hat {Will+}
rElec    .         Harm     .   (no cloak)
rCorr    .         Rampage  .   (no gloves)
Will     +....                  (no boots)
Stlth    ..........             (no amulet)
HPRegen  0.22/turn              g - ring of protection from cold
MPRegen  0.11/turn              (no ring)

@: no status effects
A: retaliatory headbutt, horns 2, camouflage 1, clever 1, deterioration 1
a: no special abilities


You were on level 11 of the Dungeon.
You visited 1 branch of the dungeon, and saw 11 of its levels.

You collected 87 gold pieces.

Inventory:

Hand Weapons
 h - a +0 war axe of electrocution (weapon)
 i - a +2 vorpal trident
Missiles
 d - 3 throwing nets (quivered)
Armour
 f - a +0 plate armour (worn)
 j - a +2 hat of willpower (worn)
Jewellery
 g - a ring of protection from cold (left hand)


   Skills:
 + Level 5.4 Fighting
 + Level 11.0 Axes
 + Level 2.8 Throwing
 + Level 4.3 Armour
 + Level 6.3 Dodging
 + Level 1.6 Stealth


You had 8 spell levels left.
You didn't know any spells.
Your spell library was empty.

Dungeon Overview and Level Annotations

Branches:
Dungeon (11/15)
 Temple: D:4-7         Lair: D:8-11         Orc: D:9-12

Altars:


Innate Abilities, Weirdness & Mutations

You reflexively headbutt those who attack you in melee.
You have a pair of horns on your head.
Your skin changes colour to match your surroundings (Stealth+).
Your mind is acute. (Int +2)
Your body sometimes deteriorates upon taking damage.


Message History

The stone arrow hits you!
You hit the gargoyle but do no damage.
The gargoyle is severely damaged.
An orc wizard comes into view. It is wielding a +0 dagger.
The orc wizard barely misses you. The gargoyle hits you with a +0 flail!!
* * * LOW HITPOINT WARNING * * *
The gargoyle hits you with a +0 flail!
* * * LOW HITPOINT WARNING * * *
The kobold hits you.
* * * LOW HITPOINT WARNING * * *
A kobold comes into view.
The orc wizard hits you but does no damage.
The orc wizard hits you but does no damage.
The kobold shouts!
You hear a shout!
The orc wizard casts a spell at you. The puff of frost hits you. You resist.
* * * LOW HITPOINT WARNING * * *
The gargoyle hurls a stone arrow at you.
The stone arrow hits you!
You die...

#......... #
#...<.....
#.#.........
#..<....>K..
####........
#.$..K....
##oK.K.o...
#K.9Ko.....
#@#........
#.#........
#.#........
#.#........
#.#........
#.#........
#.#.......
#.#


You could see an orc warrior, a gargoyle, a big kobold, 2 orc wizards and 5
kobolds.

Vanquished Creatures
  Gastronok (D:9)
  A troll (D:9)
  An orc warrior (D:9)
  An ice beast (D:9)
  A necrophage (D:9)
  An ogre (D:8)
  An orc wizard (D:8)
  3 iguanas
  Jessica (D:3)
  An adder (D:9)
  A white imp (D:5)
  A dart slug (D:3)
  A leopard gecko (D:6)
  4 orcs
  A giant cockroach (D:2)
  A jackal (D:10)
  5 kobolds
  A ball python (D:3)
  2 frilled lizards
  3 rats (D:3)
32 creatures vanquished.

Notes
Turn   | Place    | Note
-------+----------+-------------------------------------------
     0 | D:1      | kobra10112 the Minotaur Gladiator began the quest for the
                  | Orb.
     0 | D:1      | Reached XP level 1. HP: 18/18 MP: 0/0
   181 | D:3      | Noticed Jessica
   188 | D:3      | Killed Jessica
   189 | D:3      | Reached skill level 4 in Axes
   189 | D:3      | Reached XP level 2. HP: 25/25 MP: 1/1
   189 | D:3      | Reached XP level 3. HP: 30/30 MP: 2/2
   359 | D:5      | Entered Level 5 of the Dungeon
   419 | D:8      | Reached XP level 4. HP: 22/37 MP: 3/3
   487 | D:8      | Reached skill level 5 in Axes
   488 | D:8      | Noticed an ogre
   494 | D:8      | Killed an ogre
   495 | D:8      | Reached XP level 5. HP: 38/45 MP: 4/4
   556 | D:9      | Noticed an orc warrior
   562 | D:9      | Killed an orc warrior
   563 | D:9      | Reached skill level 6 in Axes
   563 | D:9      | Reached skill level 1 in Armour
   563 | D:9      | Reached skill level 5 in Dodging
   563 | D:9      | Reached XP level 6. HP: 43/51 MP: 5/5
   637 | D:9      | Noticed Gastronok
   663 | D:9      | Killed Gastronok
   664 | D:9      | Reached skill level 5 in Fighting
   664 | D:9      | Reached skill level 10 in Axes
   664 | D:9      | Reached skill level 1 in Stealth
   664 | D:9      | Reached XP level 7. HP: 41/61 MP: 6/6
   664 | D:9      | Reached XP level 8. HP: 46/68 MP: 7/7
   705 | D:9      | Noticed a troll
   714 | D:9      | Killed a troll
   715 | D:9      | Reached XP level 9. HP: 25/74 MP: 8/8
   785 | D:9      | Reached skill level 11 in Axes
   846 | D:10     | Entered Level 10 of the Dungeon
   872 | D:11     | Noticed a gargoyle
   875 | D:11     | Gained mutation: Your mind is acute. (Int +2) [potion of
                  | mutation]
   875 | D:11     | Gained mutation: Your body sometimes deteriorates upon
                  | taking damage. [potion of mutation]
   875 | D:11     | Gained mutation: Your skin changes colour to match your
                  | surroundings (Stealth+). [potion of mutation]
   887 | D:11     | Killed from afar by a gargoyle

Illustrated notes

Levels and vault maps discovered:
D:1:      erik_arrival_orb_chamber, layout_loops_ring
D:2:      layout_loops_corners, nemelex_xobeh_ov_fountains_minmay,
          minmay_misc_feat_room
D:3:      layout_basic, grunt_gozag_breadcrumbs, lemuel_doored_altar,
          gammafunk_ghost_stat_death, uniq_grinder, uniq_jessica
D:4:      layout_basic, nzn_overflow_gifts_of_might_and_magic,
          cheibrodos_ashenzari_chains, trog_three_pillars_becter,
          uniq_crazy_yiuf_cottage, uniq_duvessa
D:5:      layout_basic, regret_index_temple_of_mockery, grunt_dithmenos_shadows,
          old_standard_altar, serial_shops, nicolae_shop_crystal, shop,
          nicolae_shop_trees, shop, minmay_crystal_room
D:6:      layout_loops_ring, minmay_a_box_with_orc_wizards_in_it
D:7:      cheibrodos_two_vegetables, layout_loops_ring, marbit_many_paths,
          minmay_temple_entry_slanted
D:8:      layout_loops_corners
D:9:      layout_stronghold, gammafunk_ghost_icy, uniq_gastronok
D:10:     layout_loops_ring, dpeg_oklobed_lair, serial_shops,
          nicolae_shop_behind_doors, kennysheep_generic_room_3
D:11:     layout_basic, orc_david_3

Skill      XL: |  1  2  3  4  5  6  7  8  9 |
---------------+----------------------------+-----
Axes           | 4 5 6 10 11 | 11.0
Dodging        | 4 5 6 |  6.3
Fighting       | 3 5 |  5.4
Armour         | 1 3 4 |  4.3
Stealth        | 1 |  1.6
Throwing       | |  2.8

Action                   |  1- 3 |  4- 6 |  7- 9 || total
-------------------------+-------+-------+-------++-------
Melee: War axe           |    26 |    36 |    27 ||    89
       Headbutt          |     4 |     7 |     3 ||    14
  Use: Scroll            |     2 |     1 |       ||     3
       Potion            |       |       |     2 ||     2
Armor: Ring mail         |     6 |     2 |       ||     8
       Plate armour      |       |    18 |    22 ||    40
Dodge: Dodged            |    27 |    14 |     9 ||    50
